 Dungeon Crawl Stone Soup version 0.31-a0-229-g1fc7ce93e2 (webtiles) character file.

Game seed: 11266661338333840669

2281 qw the Skirmisher (level 9, 0/86 HPs)
             Began as a Minotaur Hexslinger on July 6, 2023.
             Was an Initiate of Okawaru.
             Slain by a kobold
             ... wielding a +0 short sword
              (2 damage)
             ... on level 8 of the Dungeon.
             The game lasted 00:02:35 (6294 turns).

qw the Skirmisher (Minotaur Hexslinger)             Turns: 6294, Time: 00:02:36

Health: 0/86       AC:  7    Str: 13    XL:     9   Next: 16%
Magic:  9/9        EV: 15    Int: 10    God:    Okawaru [......]
Gold:   584        SH:  0    Dex: 23    Spells: 9/10 levels left

rFire   + + .        Y - +0 shortbow
rCold   + . .        (shield currently unavailable)
rNeg    . . .        k - +1 robe of Himiva {rPois rF++ Stlth-}
rPois   +            d - +1 hat
rElec   .            h - +2 cloak
rCorr   .            (no gloves)
SInv    .            (no boots)
Will    .....        r - amulet of regeneration
Stlth   +            f - +6 ring of dexterity
HPRegen 1.14/turn    (no ring)
MPRegen 0.11/turn

%: no passive effects
@: about to teleport
A: horns 2, retaliatory headbutt, claws 1, cold resistance 1, robust 1
a: Renounce Religion


You were on level 8 of the Dungeon.
You worshipped Okawaru.
Okawaru was noncommittal.
You visited 2 branches of the dungeon, and saw 9 of its levels.
You also visited: Ossuary.

You collected 661 gold pieces.
You spent 77 gold pieces at shops.


Innate Abilities, Weirdness & Mutations

You have a pair of horns on your head.
You reflexively headbutt those who attack you in melee.
You have sharp fingernails.
Your flesh is cold resistant. (rC+)
You are robust. (+10% HP)


   Skills:
 - Level 7.4 Fighting
 + Level 10.3 Ranged Weapons
 - Level 2.1 Armour
 - Level 5.0 Dodging
 - Level 1.0 Spellcasting
 - Level 2.0 Hexes
 - Level 2.1 Invocations


You had 9 spell levels left.
You knew the following spells:

 Your Spells              Type           Power      Damage    Failure   Level
a - Slow                  Hex            16%        N/A       16%         1

Your spell library contained the following spells:

 Spells                   Type           Power      Damage    Failure   Level
 Inner Flame              Hex/Fire       2%         N/A       56%         3
 Portal Projectile        Hex/Tloc       4%         N/A       56%         3
 Cause Fear               Hex            2%         N/A       83%         4

Inventory:

Hand Weapons
 Y - a +0 shortbow (weapon)
Armour
 a - a +0 ring mail
 d - a +1 hat (worn)
 h - a +2 cloak (worn)
 k - the +1 robe of Himiva (worn) {rPois rF++ Stlth-}
   (You found it on level 3 of the Dungeon)

   rF:        It greatly protects you from fire.
   rPois:     It protects you from poison.
   Stlth:     It makes you less stealthy.
Jewellery
 f - a +6 ring of dexterity (left claw)
 r - an amulet of regeneration (around neck)
Scrolls
 g - a scroll of identify
Potions
 c - a potion of haste
 e - 6 potions of curing
 i - a potion of resistance
 j - 6 potions of mutation
 l - 2 potions of cancellation
 n - 2 potions of enlightenment
 p - a potion of brilliance {unknown}
 u - a potion of invisibility {unknown}

Dungeon Overview and Level Annotations

Branches:
Dungeon (8/15)             Temple (1/1) D:6         Ossuary (visited)
   Lair: D:8-11

Altars:
Ashenzari
Cheibriados
Dithmenos
Fedhas
Gozag
Hepliaklqana
Kikubaaqudgha
Makhleb
Okawaru
Ru
Trog
Uskayaw
Vehumet
Wu Jian
Xom
Yredelemnul
The Shining One

Shops:
D:2 ([*((

Annotations:
D:3 3 runed translucent doors, qw's ghost, amateur MiHs
D:4 2 transporters, qw's ghost, amateur GrFi
D:8 Pikel


Message History

You furiously retaliate!
You headbutt the lemure. The lemure barely misses you. You furiously retaliate!
You headbutt the lemure. You shoot an arrow.
The arrow closely misses the lemure.
Pikel hits you with a +1 whip of electrocution.
The kobold barely misses you. The lemure closely misses you.
The lemure hits you but does no damage.
You shoot an arrow. The arrow closely misses the lemure.
Pikel barely misses you. You furiously retaliate!
You headbutt Pikel. The lemure hits you. The kobold barely misses you.
The lemure hits you but does no damage.
You shoot an arrow. The arrow hits the lemure.
The lemure is moderately wounded.
Pikel hits you with a +1 whip of electrocution.
You are electrocuted!
The kobold barely misses you. The lemure hits you.
The lemure barely misses you. You furiously retaliate!
You headbutt the lemure. You shoot an arrow.
The arrow hits the lemure but does no damage.
The lemure is heavily wounded.
Pikel hits you with a +1 whip of electrocution.
The lemure hits you.
The kobold hits you with a +0 short sword.
The lemure closely misses you. You furiously retaliate!
You headbutt the lemure. You shoot an arrow.
The arrow hits the lemure but does no damage.
The lemure is heavily wounded.
The lemure barely misses you. Pikel closely misses you.
The kobold hits you with a +0 short sword.
The lemure barely misses you.
6293 ||| READING scroll of teleportation.
As you read the scroll of teleportation, it crumbles to dust.
You feel strangely unstable. Pikel misses you. You furiously retaliate!
You headbutt Pikel! The kobold hits you but does no damage.
The lemure hits you but does no damage. The lemure completely misses you.
You shoot an arrow. The arrow barely misses Pikel.
The lemure closely misses you.
Pikel hits you with a +1 whip of electrocution.
You are electrocuted!!
The kobold hits you with a +0 short sword.
You die...

#.# #.#.###.##
#.# #..## ##.#
#.# ###.###..#
#.# #.#.#.# ...
##.##.# ..#
#.##..
#.#######.#
#......#K#5......
......###@5#
#..... #K###
###.. #.. #.. ###
##


You could see Pikel, 2 lemures and a kobold.

Vanquished Creatures
  Prince Ribbit (D:5)
  A hornet (D:6)
  A yak (D:6)
  Menkaure (D:7)
  A vampire mosquito (D:6)
  A sky beast (D:6)
  An ogre (D:5)
  2 phantoms
  A centaur (D:7)
  2 lemures (D:8)
  2 kobold brigands
  A bullfrog (D:7)
  2 scorpions
  2 jellies
  A crimson imp (D:6)
  2 hounds
  2 gnoll boudas
  3 orc priests
  2 iguanas
  An orc wizard (D:4)
  Natasha (D:3)
  8 mummies (Ossuary)
  11 adders
  15 gnolls
  2 shadow imps
  A white imp (D:6)
  An ufetubus (D:4)
  24 orcs
  2 ball pythons
  5 endoplasms
  2 giant cockroaches
  A gnoll zombie (Ossuary)
  7 goblins
  7 hobgoblins
  3 quokkas
  4 bats
  5 hobgoblin zombies (Ossuary)
  A jackal zombie (D:4)
  11 kobolds
  A kobold zombie (Ossuary)
  An orc zombie (Ossuary)
  2 rats
145 creatures vanquished.

Notes
Turn   | Place    | Note
-------+----------+-------------------------------------------
     0 | D:1      | qw the Minotaur Hexslinger began the quest for the Orb.
     0 | D:1      | Reached XP level 1. HP: 16/16 MP: 1/1
     0 | D:1      | 0 ||| qw: Version: 0.3-a-46-gb1f654a
     0 | D:1      | 0 ||| qw: Game counter: 1723
     0 | D:1      | 0 ||| qw: Melee chars always use a shield: true
     0 | D:1      | 0 ||| qw: God list: Okawaru
     0 | D:1      | 0 ||| qw: Allow faded altars: false
     0 | D:1      | 0 ||| qw: Do Orc after clearing Dungeon:15 true
     0 | D:1      | 0 ||| qw: Do second Lair branch before Depths: true
     0 | D:1      | 0 ||| qw: Lair rune preference: random
     0 | D:1      | 0 ||| qw: Goals: Normal
     0 | D:1      | 0 ||| PLANNING D:1-11
   761 | D:1      | 761 ||| UPGRADING to +0 cloak.
   766 | D:1      | 766 ||| READING 2 scrolls labelled ZAMMITHR QOUCO.
   767 | D:1      | 767 ||| READING scroll of enchant armour.
   767 | D:1      | 767 ||| ENCHANTING +0 cloak.
   768 | D:1      | 768 ||| READING 2 scrolls labelled XEARPH BUKKEMM.
   769 | D:1      | 769 ||| DROPPING scroll of poison.
   772 | D:2      | Found Vathrak's Antique Weapon Shoppe.
   779 | D:2      | Found Motey's Armour Emporium.
   789 | D:2      | 789 ||| BUYING +0 ring mail (48 gold).
   789 | D:2      | Bought a +0 ring mail for 48 gold pieces
   789 | D:2      | 789 ||| SHOPLISTING +0 robe of fire resistance (92 gold,
                  | have 7).
   789 | D:2      | 789 ||| SHOPLISTING +1 cloak of willpower (198 gold, have
                  | 7).
   825 | D:2      | Reached skill level 3 in Ranged Weapons
   825 | D:2      | Reached XP level 2. HP: 23/23 MP: 2/2
   877 | D:2      | Found Gaggo's Assorted Antiques.
   880 | D:2      | 880 ||| BUYING inky potion (29 gold).
   880 | D:2      | Bought an inky potion for 29 gold pieces
   880 | D:2      | 880 ||| SHOPLISTING scratched coral ring (165 gold, have
                  | 0).
   880 | D:2      | 880 ||| SHOPLISTING scroll labelled ANINOMERUK (33 gold,
                  | have 0).
   880 | D:2      | 880 ||| SHOPLISTING scroll labelled GECI GIHOTANA (33 gold,
                  | have 0).
   880 | D:2      | 880 ||| SHOPLISTING scroll labelled KUTHUSORIA (33 gold,
                  | have 0).
   880 | D:2      | 880 ||| SHOPLISTING scroll labelled LUV ONKIS BOPN (33
                  | gold, have 0).
   880 | D:2      | 880 ||| SHOPLISTING scroll of enchant armour (247 gold,
                  | have 0).
  1191 | D:2      | Found Jekhaf's Weapon Emporium.
  1191 | D:2      | Noticed a +0 triple crossbow
  1192 | D:2      | Noticed a +0 great mace
  1196 | D:2      | Found Gorphew's Weapon Emporium.
  1420 | D:2      | Reached XP level 3. HP: 27/29 MP: 3/3
  1450 | D:2      | 1450 ||| UPGRADING to +0 ring mail.
  1460 | D:2      | 1460 ||| DROPPING +0 robe.
  1461 | D:2      | 1461 ||| UPGRADING to amulet of the acrobat.
  1466 | D:2      | 1466 ||| READING scroll labelled LUV ONKIS BOPN.
  1467 | D:2      | 1467 ||| READING scroll labelled IJOK GAWONWAGG.
  1468 | D:2      | 1468 ||| DRINKING 2 green potions.
  1469 | D:2      | 1469 ||| DRINKING 3 inky potions.
  1469 | D:2      | Gained mutation: You are robust. (+10% HP) [potion of
                  | mutation]
  1469 | D:2      | Gained mutation: You have sharp fingernails. [potion of
                  | mutation]
  1469 | D:2      | Gained mutation: Your flesh is cold resistant. (rC+)
                  | [potion of mutation]
  1477 | D:2      | 1477 ||| READING 2 scrolls of identify.
  1477 | D:2      | 1477 ||| IDENTIFYING metallic silvery potion
  1478 | D:2      | 1478 ||| DROPPING potion of lignification.
  1538 | D:3      | Found a radiant altar of Vehumet.
  1552 | D:3      | 1552 ||| READING scroll of enchant weapon.
  1552 | D:3      | 1552 ||| ENCHANTING +2 sling.
  1564 | D:3      | Found an ancient bone altar of Kikubaaqudgha.
  1683 | D:3      | Reached skill level 4 in Ranged Weapons
  1773 | D:3      | Found a runed translucent gate.
  1774 | D:3      | Found a runed translucent gate.
  1798 | D:3      | Noticed Natasha
  1803 | D:3      | Killed Natasha
  1804 | D:3      | Reached XP level 4. HP: 36/39 MP: 4/4
  1842 | D:3      | Identified the +1 robe of Himiva {rPois rF++ Stlth-}
  1865 | D:3      | Found a runed translucent gate.
  1867 | D:3      | Noticed qw's ghost (amateur MiHs)
  1909 | D:3      | 1909 ||| UPGRADING to +1 robe of Himiva {rPois rF++
                  | Stlth-}.
  1919 | D:3      | 1919 ||| UPGRADING to +6 ring of dexterity.
  1920 | D:3      | 1920 ||| READING scroll labelled GIEMINUE UWODD.
  1944 | D:4      | 1944 ||| PLANNING OSSUARY
  1998 | D:4      | Reached skill level 5 in Ranged Weapons
  2055 | D:4      | Found a transporter.
  2056 | D:4      | Found a transporter.
  2173 | D:4      | Reached XP level 5. HP: 46/46 MP: 5/5
  2301 | D:4      | Reached skill level 3 in Fighting
  2397 | D:4      | 2397 ||| DRINKING 3 potions of curing.
  2397 | D:4      | 2397 ||| (to cure confusion)
  2399 | D:4      | 2399 ||| DRINKING 2 potions of curing.
  2399 | D:4      | 2399 ||| (to cure confusion)
  2533 | D:4      | Found a sand-covered staircase.
  2534 | D:4      | 2534 ||| DROPPING ring of flight.
  2535 | D:4      | 2535 ||| READING 2 scrolls labelled BIUCAV IXOUSE.
  2574 | Ossuary  | Entered an ossuary
  2619 | Ossuary  | Reached skill level 6 in Ranged Weapons
  2630 | Ossuary  | Reached XP level 6. HP: 56/56 MP: 6/6
  2799 | Ossuary  | Reached skill level 3 in Dodging
  2842 | Ossuary  | 2842 ||| READING 2 scrolls labelled ANINOMERUK.
  2843 | Ossuary  | 2843 ||| READING scroll labelled NOH EXUSAEBBA.
  2844 | Ossuary  | 2844 ||| DRINKING 2 lumpy black potions.
  2845 | Ossuary  | 2845 ||| DRINKING 3 murky dark potions.
  2846 | Ossuary  | 2846 ||| DROPPING scroll of fog.
  2866 | D:4      | 2866 ||| PLANNING D:1-11
  3085 | D:4      | Noticed qw's ghost (amateur GrFi)
  3119 | D:5      | Entered Level 5 of the Dungeon
  3238 | D:5      | 3238 ||| READING scroll of enchant armour.
  3238 | D:5      | 3238 ||| ENCHANTING +1 cloak.
  3242 | D:5      | Noticed Prince Ribbit
  3243 | D:5      | 3243 ||| Stepping ~*~*~tactically~*~*~ (outnumbered).
  3244 | D:5      | 3244 ||| Stepping ~*~*~tactically~*~*~ (outnumbered).
  3255 | D:5      | HP: 11/58 [gnoll/+0 spear[a gnoll bouda] (6)]
  3256 | D:5      | 3256 ||| READING 4 scrolls of teleportation.
  3257 | D:5      | 3257 ||| DRINKING 2 potions of heal wounds.
  3492 | D:5      | Reached XP level 7. HP: 66/66 MP: 7/7
  3601 | D:5      | Killed Prince Ribbit
  3602 | D:5      | Reached skill level 8 in Ranged Weapons
  4219 | D:5      | 4219 ||| UPGRADING to amulet of regeneration.
  4229 | D:5      | 4229 ||| DROPPING amulet of the acrobat.
  4230 | D:5      | 4230 ||| READING scroll labelled RAANINKOAV.
  4262 | D:6      | Found a staircase to the Ecumenical Temple.
  4263 | D:6      | 4263 ||| PLANNING TEMPLE
  4270 | Temple   | Entered the Ecumenical Temple
  4271 | Temple   | 4271 ||| PLANNING OKAWARU WORSHIP
  4292 | Temple   | Became a worshipper of Warmaster Okawaru
  4293 | Temple   | 4293 ||| PLANNING D:1-11
  4345 | D:6      | Reached XP level 8. HP: 61/74 MP: 8/8
  4460 | D:6      | 4460 ||| READING scroll of enchant weapon.
  4460 | D:6      | 4460 ||| ENCHANTING +3 sling.
  4500 | D:6      | 4500 ||| Stepping ~*~*~tactically~*~*~ (outnumbered).
  4502 | D:6      | 4502 ||| Stepping ~*~*~tactically~*~*~ (outnumbered).
  4643 | D:6      | Noticed a hornet
  4654 | D:6      | Reached skill level 9 in Ranged Weapons
  4675 | D:6      | Reached * piety under Okawaru
  4676 | D:6      | Reached skill level 6 in Fighting
  4729 | D:6      | 4729 ||| INVOKING Heroism.
  4779 | D:6      | Paralysed by a hornet for 2 turns
  4782 | D:6      | 4782 ||| INVOKING Heroism.
  4783 | D:6      | HP: 17/77 [hornet (6)]
  4784 | D:6      | 4784 ||| READING 3 scrolls of teleportation.
  4785 | D:6      | 4785 ||| DRINKING 2 potions of heal wounds.
  4785 | D:6      | Killed a hornet
  4786 | D:6      | Reached skill level 10 in Ranged Weapons
  4855 | D:6      | 4855 ||| INVOKING Heroism.
  4856 | D:6      | 4856 ||| INVOKING Heroism.
  5037 | D:6      | Identified the +4 trident "Gydesiell" {drain, Int+4}
  5042 | D:6      | 5042 ||| UPGRADING to +1 hat.
  5047 | D:6      | 5047 ||| DRINKING 2 brown potions.
  5419 | D:7      | 5419 ||| Stepping ~*~*~tactically~*~*~ (outnumbered).
  5424 | D:7      | 5424 ||| Stepping ~*~*~tactically~*~*~ (outnumbered).
  5624 | D:7      | Reached XP level 9. HP: 79/85 MP: 9/9
  5745 | D:7      | Noticed Menkaure
  5746 | D:7      | 5746 ||| SWAPPING to +0 shortbow.
  5747 | D:7      | 5747 ||| INVOKING Heroism.
  5751 | D:7      | 5751 ||| Stepping ~*~*~tactically~*~*~ (outnumbered).
  5754 | D:7      | HP: 16/85 [??? (14)]
  5755 | D:7      | 5755 ||| READING 2 scrolls of teleportation.
  5756 | D:7      | 5756 ||| DRINKING potion of heal wounds.
  5758 | D:7      | Killed Menkaure
  5807 | D:7      | 5807 ||| DROPPING +4 sling.
  5989 | D:7      | 5989 ||| FLEEEEING.
  5992 | D:7      | 5992 ||| FLEEEEING.
  5998 | D:7      | 5998 ||| INVOKING Heroism.
  6074 | D:7      | 6074 ||| READING scroll labelled KUTHUSORIA.
  6075 | D:7      | 6075 ||| READING scroll labelled BORUHE GIUJO.
  6176 | D:7      | 6176 ||| DRINKING 2 metallic dark potions.
  6177 | D:7      | 6177 ||| READING 4 scrolls of identify.
  6177 | D:7      | 6177 ||| IDENTIFYING glowing green potion
  6178 | D:7      | 6178 ||| READING 3 scrolls of identify.
  6178 | D:7      | 6178 ||| IDENTIFYING coppery potion
  6179 | D:7      | 6179 ||| READING 2 scrolls of identify.
  6179 | D:7      | 6179 ||| IDENTIFYING amethyst potion
  6180 | D:7      | 6180 ||| DROPPING potion of ambrosia.
  6181 | D:7      | 6181 ||| DROPPING potion of attraction.
  6280 | D:8      | Noticed Pikel
  6292 | D:8      | HP: 20/86 [kobold/+0 short sword (4)]
  6293 | D:8      | 6293 ||| READING scroll of teleportation.
  6294 | D:8      | HP: 2/86 [Pikel/+1 whip of electrocution (20)]
  6294 | D:8      | Slain by a kobold

Levels and vault maps discovered:
D:1:      dpeg_arrival_pits, layout_basic
D:2:      layout_loops_ring, serial_shops, shop, nicolae_square_shop,
          nicolae_shop_mannequins, nicolae_shop_behind_doors, shop,
          nicolae_kite_square_tiling_tiny
D:3:      layout_rooms, kiku_gazebo_pond_becter,
          mainiacjoe_overflow_tiny_flanked, ebering_ghost_rock_garden,
          uniq_natasha
D:4:      layout_cave_pods, enter_ossuary_3, serial_column_ruins,
          column_ruins_hut, column_ruins_open_large,
          column_ruins_columns_straight, column_ruins_grid_1,
          column_ruins_open_tiny, column_ruins_grid_3,
          gammafunk_ghost_gnarly_gnolls, st_stairs_7, hex_tiny
D:5:      layout_gridville, uniq_prince_ribbit1
D:6:      minmay_chambers_of_sixes, layout_rooms, minmay_temple_entry_ruins,
          minmay_fire_ice_demons
D:7:      layout_basic, uniq_menkaure
D:8:      layout_loops_ring, columned_hall_lemuel, uniq_psyche, uniq_maurice,
          uniq_pikel, uniq_gastronok
Temple:   hellmonk_temple_two_chambers

Skill      XL: |  1  2  3  4  5  6  7  8  9 |
---------------+----------------------------+-----
Ranged Weapons | 3 4 5 6 8 10 | 10.3
Fighting       | 2 3 4 5 6 7 |  7.4
Armour         | 2 |  2.1
Dodging        | 3 4 5 |  5.0
Invocations    | 2 |  2.1
Spellcasting   | |  1.0
Hexes          | |  2.0

Action                     |  1- 3 |  4- 6 |  7- 9 || total
---------------------------+-------+-------+-------++-------
   Fire: Sling             |   107 |   185 |   215 ||   507
         Shortbow          |       |       |    51 ||    51
 Invoke: Heroism           |       |       |     5 ||     5
    Use: Scroll            |     7 |     6 |    10 ||    23
         Potion            |     2 |     5 |     4 ||    11
 Armour: Robe              |     8 |    14 |    38 ||    60
         Ring mail         |     5 |     5 |       ||    10
  Dodge: Dodged            |    23 |    48 |   119 ||   190

Table legend:
 A = Non-vault XP
 B = Vault XP
 C = Vault XP percentage of total XP
 D = Non-vault monster count
 E = Vault monster count
 F = Vault count percentage of total count
                 A         B        C        D         E       F
            +---------+---------+-------+---------+---------+-------
      Total |    1671 |    1588 |  48.7 |     113 |      30 |  21.0
            +---------+---------+-------+---------+---------+-------
        D:1 |       6 |       0 |   0.0 |       5 |       0 |   0.0
        D:2 |      35 |       0 |   0.0 |      19 |       0 |   0.0
        D:3 |      51 |      35 |  40.7 |      11 |       1 |   8.3
        D:4 |     155 |      14 |   8.3 |      17 |       3 |  15.0
        D:5 |     517 |     283 |  35.4 |      25 |       1 |   3.8
        D:6 |     387 |     933 |  70.7 |      20 |       8 |  28.6
        D:7 |     428 |     172 |  28.7 |      12 |       1 |   7.7
        D:8 |      92 |       0 |   0.0 |       4 |       0 |   0.0
    Ossuary |       0 |     151 | 100.0 |       0 |      16 | 100.0
            +---------+---------+-------+---------+---------+-------
